cohdb
Replays
Latest Replays
All Replays
Popular Replays
Top Player Replays
Match Explorer
How It Works
Community
CoH3 Stats
Reddit
Sign in to upload your games and track your stats! →
Sign in with Steam
Match 46918483
Unlisted
Match 46918483
Overview
Messages
Build Orders
End
Construct Section Command Post
Selects Heavy Armor Battlegroup
Selects Heavy Armor Battlegroup
Dingo Light Scout Car
Dingo Light Scout Car
Infantry Section
Infantry Section
Construct Platoon Command Post
Selects Light Vehicle Withdraw and Refit
Selects Rigorous Vehicle Training
6-pounder Anti-tank Gun Team
Unlock M3 Stuart Light Tanks
Royal Engineer Section
M3 Stuart Light Tank
Selects Forward Repair Assembly
Infantry Section
M3 Stuart Light Tank
M3 Stuart Light Tank
Light Vehicle Training
6-pounder Anti-tank Gun Team
Selects Radio Net
M3 Stuart Light Tank
Royal Engineer Section
Construct Field Infirmary
M3 Stuart Light Tank
Yule
Implacable
막돔황챠
또황챠
ShoulderGuyGuy
Marowi
Adult Asthma Is A Choice
J1odge
0
0
Comments
sign in to comment!
No comments posted yet!